 Dungeon Crawl Stone Soup version 0.28.0-53-g5a82cb258f (webtiles) character file.

Game seed: 10685568406464605508

292 Arcadio the Digger (level 6, 0/36 HPs)
             Began as a Gargoyle Earth Elementalist on June 2, 2022.
             Slain by a gnoll
             ... wielding a +0 halberd
              (10 damage)
             ... on level 4 of the Dungeon.
             The game lasted 00:14:17 (5565 turns).

Arcadio the Digger (Gargoyle Earth Elementalist)    Turns: 5565, Time: 00:14:19

Health: 0/36       AC:  6    Str: 11    XL:     6   Next: 33%
Magic:  5/11       EV: 12    Int: 18    God:
Gold:   90         SH:  0    Dex: 10    Spells: 5/11 levels left

rFire   . . .      SeeInvis .   l - +2 dagger (freeze)
rCold   . . .      Faith    .   (no shield)
rNeg    + . .      Spirit   .   b - +0 robe
rPois   ∞          Reflect  .   (no helmet)
rElec   +          Harm     .   (no cloak)
rCorr   .          Rampage  .   (no gloves)
Will    .....                   (no boots)
Stlth   ++........              (no amulet)
HPRegen 0.12/turn               (no ring)
MPRegen 0.12/turn               (no ring)

@: no status effects
A: sickness immunity, AC +4, negative energy resistance 1, electricity
resistance, torment resistance 1, petrification resistance
a: no special abilities


You were on level 4 of the Dungeon.
You visited 1 branch of the dungeon, and saw 4 of its levels.

You collected 90 gold pieces.

Inventory:

Hand Weapons
 f - a +0 short sword
 l - a +2 dagger of freezing (weapon)
Missiles
 c - 24 stones
Armour
 b - a +0 robe (worn)
 m - a +2 scale mail of willpower
Scrolls
 a - a scroll of holy word
 g - a scroll of teleportation {unknown}
 i - a scroll of enchant weapon {unknown}
 j - a scroll of blinking {unknown}
Potions
 d - a potion of brilliance
 e - 2 potions of haste {unknown}
 h - a potion of ambrosia {unknown}
 k - a potion of attraction {unknown}


   Skills:
 + Level 2.5 Fighting
 + Level 3.1 Armour
 - Level 1.6 Dodging
 - Level 2.3 Stealth
 + Level 3.3 Spellcasting
 + Level 2.2 Conjurations
 - Level 0.9 Transmutations
 - Level 4.4 Earth Magic


You had 5 spell levels left.
You knew the following spells:

 Your Spells              Type           Power      Damage    Failure   Level
a - Sandblast             Erth           38%        2d10      2%          1
b - Passwall              Tmut/Erth      10%        N/A       8%          2
c - Stone Arrow           Conj/Erth      30%        3d8       12%         3

Your spell library contained the following spells:

 Spells                   Type           Power      Damage    Failure   Level
 Summon Guardian Golem    Hex/Summ       3%         N/A       43%         3
 Petrify                  Tmut/Erth      12%        N/A       45%         4
 Orb of Destruction       Conj           5%         9d5       100%        7
 Spellforged Servitor     Conj/Summ      3%         N/A       100%        7


Dungeon Overview and Level Annotations

Branches:
Dungeon (4/15)
 Temple: D:4-7

Altars:

Annotations:
D:1 Terence


Innate Abilities, Weirdness & Mutations

You are immune to sickness and miasma.
Your stone body is resilient. (AC +4)
You are immune to poison.
You resist negative energy. (rN+)
You are resistant to electric shocks. (rElec)
You are resistant to unholy torment.
You are immune to petrification.


Message History

Confirm with . or Enter, or press ? or * to list all spells.
Aiming: Sandblast (safe; 2% risk of failure)
Press: ? - help, Shift-Dir - straight line, f/p - gnoll
Aim: a gnoll, wielding a +0 club (severely wounded, 82% to hit)
The blast of sand hits the gnoll.
The gnoll is almost dead.
The gnoll closely misses you. The gnoll completely misses you.
Casting: Sandblast (safe; 2% risk of failure)
Confirm with . or Enter, or press ? or * to list all spells.
Aiming: Sandblast (safe; 2% risk of failure)
Press: ? - help, Shift-Dir - straight line, f/p - gnoll
Aim: a gnoll, wielding a +0 club (almost dead, 82% to hit)
The blast of sand hits the gnoll!
You kill the gnoll!
The gnoll closely misses you.
Casting: Sandblast (safe; 2% risk of failure)
Confirm with . or Enter, or press ? or * to list all spells.
Aiming: Sandblast (safe; 2% risk of failure)
Press: ? - help, Shift-Dir - straight line, f - gnoll
Aim: a gnoll, wielding a +0 halberd (82% to hit)
The blast of sand hits the gnoll!
You kill the gnoll!
Casting: Sandblast (safe; 2% risk of failure)
Confirm with . or Enter, or press ? or * to list all spells.
Aiming: Sandblast (safe; 2% risk of failure)
Press: ? - help, Shift-Dir - straight line, f - gnoll
Aim: a gnoll, wielding a +0 halberd (82% to hit)
The blast of sand hits the gnoll.
The gnoll is lightly wounded.
The gnoll hits you from afar with a +0 halberd!
* * * LOW HITPOINT WARNING * * *
Casting: Sandblast (safe; 2% risk of failure)
Confirm with . or Enter, or press ? or * to list all spells.
Aiming: Sandblast (safe; 2% risk of failure)
Press: ? - help, Shift-Dir - straight line, f/p - gnoll
Aim: a gnoll, wielding a +0 halberd (lightly wounded, 82% to hit)
The blast of sand hits the gnoll.
The gnoll is heavily wounded.
The gnoll hits you from afar with a +0 halberd!
You die...

#.......#
#####.##.###.#######
######### #)###...##
#.# ##### #.#
#.########
#.........
#g#######. ##### #)#
##...## ##@##
#.....####...##.##
#..................
#<....####...######
##...## ##.##
######.## #.#
#.....†.# #.#
#.####..# #'# #.#
##..#


You could see a gnoll.

Vanquished Creatures
  A scorpion (D:4)
  A howler monkey (D:4)
  A hound (D:4)
  5 gnolls
  2 adders
  An ufetubus (D:4)
  2 worms (D:2)
  3 dart slugs
  10 orcs
  2 ball pythons
  5 bats
  5 endoplasms
  3 giant cockroaches
  7 goblins
  4 hobgoblins
  4 jackals (D:3)
  A quokka (D:3)
  3 frilled lizards
  6 kobolds
  6 rats
72 creatures vanquished.

Notes
Turn   | Place    | Note
-------+----------+-------------------------------------------
     0 | D:1      | Arcadio the Gargoyle Earth Elementalist began the quest for
                  | the Orb.
     0 | D:1      | Reached XP level 1. HP: 10/10 MP: 3/3
   503 | D:1      | Found a faded altar of an unknown god.
   504 | D:1      | Noticed a floating eye
   508 | D:1      | Noticed a great orb of eyes
   511 | D:1      | Noticed a golden eye
   511 | D:1      | Noticed a shining eye
   513 | D:1      | Reached XP level 2. HP: 15/15 MP: 5/5
   516 | D:1      | Learned a level 2 spell: Passwall
  1142 | D:2      | Noticed Terence
  1443 | D:2      | Reached skill level 1 in Armour
  1443 | D:2      | Reached skill level 4 in Earth Magic
  1443 | D:2      | Reached XP level 3. HP: 7/19 MP: 6/6
  3397 | D:3      | Reached XP level 4. HP: 21/24 MP: 7/7
  3468 | D:3      | Reached skill level 1 in Fighting
  3680 | D:3      | Learned a level 3 spell: Stone Arrow
  3814 | D:3      | Noticed a kobold brigand
  4783 | D:3      | Reached XP level 5. HP: 22/29 MP: 5/9
  4791 | D:3      | Reached skill level 1 in Conjurations
  5100 | D:4      | Reached XP level 6. HP: 25/36 MP: 10/10
  5565 | D:4      | Slain by a gnoll

Illustrated notes

Levels and vault maps discovered:
D:1:      wander_arrival_chamber, layout_basic,
          hellmonk_ecumenical_altar_watching_god
D:2:      layout_basic, uniq_terence
D:3:      lemuel_castle_with_subvaults [lemuel_castle_interior_original],
          layout_basic
D:4:      layout_loops_corners

Skill      XL: |  1  2  3  4  5 |
---------------+----------------+-----
Armour         | 1 2 3 |  3.1
Earth Magic    | 4 |  4.4
Fighting       | 1 2 |  2.5
Conjurations   | 2 |  2.2
Spellcasting   | 3 |  3.3
Dodging        | |  1.6
Stealth        | |  2.3
Transmutations | |  0.9

Action                   |  1- 3 |  4- 6 || total
-------------------------+-------+-------++-------
Melee: Unarmed           |    44 |       ||    44
       Short sword       |   122 |    87 ||   209
       Punch             |       |     2 ||     2
       Dagger            |       |    62 ||    62
 Cast: Sandblast         |    13 |    31 ||    44
  Use: Scroll            |     2 |       ||     2
 Stab: Sleeping          |     6 |     2 ||     8
Armor: Robe              |    64 |    50 ||   114
Dodge: Dodged            |   111 |   149 ||   260
